 Dungeon Sprint DCSS version 0.19-a0-1895-g783e625 (webtiles) character file.

111609577 Noxpor the Gargoyle Barricade (level 25, 163/187 HPs)
             Began as a Gargoyle Fighter on Oct 18, 2016.
             Was the Champion of Qazlal.
             Escaped with the Orb
             ... and 17 runes!
             The game lasted 00:28:53 (16367 turns).

Noxpor the Gargoyle Barricade (Gargoyle Fighter)   Turns: 16367, Time: 00:28:53

Health: 163/187    AC: 62    Str: 27    XL:     25   Next: 29%
Magic:  54/54      EV: 17    Int: 16    God:    Qazlal [******]
Gold:   214        SH: 40    Dex: 10    Spells: 0 memorised, 78 levels left

rFire  + + .     SeeInvis .     a - +5 sacred scourge (holy)
rCold  + . .     Gourm    .     L - +4 gold dragon scales
rNeg   + + +     Faith    .     T - +5 large shield
rPois  ∞         Spirit   .     C - +2 hat {Int+3}
rElec  +         Reflect  .     M - +0 cloak {MR+}
rCorr  +         Harm     .     U - +2 pair of gloves
MR     ++...     NoTele   +     H - +2 pair of boots {run}
Stlth  +.........               B - amulet of rage
                                F - ring of protection from fire
                                O - ring "Cuhudgh" {rCorr +Blink rN++ Slay+2 Stlth-}

@: flying, repel missiles, quick
A: big wings, negative energy resistance 1, electricity resistance, unbreathing,
petrification resistance, rot immunity, AC +19
a: Stop Flying, Upheaval, Elemental Force, Disaster Area, Renounce Religion,
Evoke Blink, Evoke Berserk Rage
0: Orb of Zot
}: 17/15 runes: decaying, serpentine, barnacled, slimy, elven, silver, golden,
iron, obsidian, icy, bone, abyssal, glowing, magical, fiery, dark, gossamer


You escaped.
You worshipped Qazlal.
Qazlal was exalted by your worship.
You were not hungry.

You visited 1 branch You collected 1961 gold pieces.
You spent 1747 gold pieces at shops.

Inventory:

Hand Weapons
 a - a +5 sacred scourge of holy wrath (weapon)
 s - a +9 demon whip of distortion
 S - a +9 demon whip of electrocution
Armour
 C - a +2 hat of intelligence (worn)
 H - a +2 pair of boots of running (worn)
 L - +4 gold dragon scales (worn)
 M - a +0 cloak of magic resistance (worn)
 T - a +5 large shield (worn)
 U - a +2 pair of gloves (worn)
Magical Staves
 E - a cursed staff of earth
Jewellery
 r - a +3 ring of dexterity
 t - the ring of Miugacvoom {rElec rN+ MR+ MP+9 Int-5}
   (You found it in the Dungeon)

   [ring of protection from magic]

   It affects your intelligence (-5).
   It insulates you from electricity.
   It protects you from negative energy.
   It affects your resistance to hostile enchantments.
   It affects your magic capacity (+9).
 A - an uncursed amulet of guardian spirit {unknown}
 B - an amulet of rage (around neck)
 D - a +4 ring of protection
 F - a ring of protection from fire (right hand)
 J - the ring "Lamparur" {rPois Stlth+}
   (You found it in the Dungeon)

   [ring of stealth]

   It protects you from poison.
   It makes you more stealthy.
 O - the ring "Cuhudgh" (left hand) {rCorr +Blink rN++ Slay+2 Stlth-}
   (You took it off a vault guard in the Dungeon)

   [ring of resist corrosion]

   It affects your accuracy and damage with ranged weapons and melee attacks
   (+2).
   It greatly protects you from negative energy.
   It lets you blink.
   It makes you less stealthy.
 P - the ring "Seacvys" {Ice +Inv Str+4}
   (You found it in the Dungeon)

   [ring of ice]

   It enhances your ice magic.
   It affects your strength (+4).
   It makes you vulnerable to fire.
   It protects you from cold.
   It lets you turn invisible.
 R - the amulet of Etwas {Spirit MR+ Str+2 Dex+8}
   (You found it in the Dungeon)

   [amulet of guardian spirit]

   It causes incoming damage to be split between your health and magic.
   It affects your strength (+2).
   It affects your dexterity (+8).
   It affects your resistance to hostile enchantments.
Wands
 n - a wand of acid (0/15)
 K - a wand of hasting (1/9)
Scrolls
 k - 8 scrolls of blinking
 l - 5 scrolls of remove curse
 m - 2 scrolls of amnesia
 u - 3 scrolls of fog
 y - 3 scrolls of recharging
 I - 2 scrolls of fear
Potions
 b - 2 potions of cure mutation
 c - a potion of lignification {unknown}
 e - 9 potions of curing
 g - 11 potions of heal wounds
 h - 3 potions of haste
 i - 4 potions of magic
 o - a potion of resistance
 p - 2 potions of brilliance
 q - a potion of might
 v - a potion of degeneration {unknown}
 V - a potion of berserk rage
Comestibles
 d - 40 fruits
 f - 5 bread rations
 x - 9 meat rations
 N - a beef jerky


   Skills:
 O Level 27 Fighting
 O Level 27 Maces & Flails
 O Level 27 Staves
 O Level 27 Throwing
 O Level 27 Armour
 O Level 27 Dodging
 O Level 27 Stealth
 O Level 27 Shields
 O Level 27 Unarmed Combat
 O Level 27 Spellcasting
 O Level 27 Invocations
 O Level 27 Evocations


You had 78 spell levels left.
You didn't know any spells.

Dungeon Overview and Level Annotations

Branches:
Dungeon (1/1)

Altars:
Cheibriados
Dithmenos
Elyvilon
Fedhas
Gozag
Hepliaklqana
Kikubaaqudgha
Makhleb
Nemelex Xobeh
Okawaru
Qazlal
Ru
Sif Muna
Trog
Uskayaw
Vehumet
Xom
Yredelemnul
Zin
The Shining One
Beogh
Jiyva
Lugonu

Shops:
D =???


Innate Abilities, Weirdness & Mutations

You are resistant to torment.
Your stone body is resilient. (AC +19)
You are immune to poison.
Your large and strong wings let you fly indefinitely.
You resist negative energy. (rN+)
You are resistant to electric shocks. (rElec)
You can survive without breathing.
You are immune to petrification.
You are immune to rotting.


Message History

You block the orange demon's attack. x2
You barely miss the orange demon.
The orange demon is heavily wounded.
You hit the orange demon.
The orange demon convulses.
The orange demon is heavily wounded.
You block the orange demon's attack. x2
You barely miss the orange demon.
The orange demon is heavily wounded.
You whack the orange demon!
The orange demon convulses!
You kill the orange demon!
Qazlal accepts your kill.
There is an open door to the Temple here.
Things that are here:
an uncursed shortbow; 18 arrows
There is an open door here.
There is an open door to the Dungeon here.
You see here an arrow.
There is a staircase leading out of the dungeon here.
Unknown command.
You have escaped!

▓▓▓▓▓▓▓▓▓▓▓▓▓▓▓▓▓▓
'....)'.....(...@▓
▓▓▓▓▓▓▓▓▓▓▓▓▓▓▓▓▓▓
.)...............▓
▓▓▓▓▓▓▓▓▓▓▓▓▓▓▓▓&▓
.?"(...).[.......▓
▓▓▓▓▓▓▓▓▓▓▓▓▓▓▓▓▓▓
.................▓
▓▓▓▓▓▓▓▓▓▓▓▓▓▓▓▓.▓
))))......)......▓


There were no monsters in sight!

Vanquished Creatures
  Cerebov (D)
  Antaeus (D)
  Asmodeus (D)
  5 pandemonium lords (D)
  the Royal Jelly (D)
  Ereshkigal (D)
  Gloorx Vloq (D)
  A seraph (D)
  Lom Lobon (D)
  Mnoleg (D)
  Dispater (D)
  7 ancient liches (D)
  4 orbs of fire (D)
  Mara (D)
  10 greater mummies (D)
  Sojobo (D)
  Frederick (D)
  Margery (D)
  Geryon (D)
  A Killer Klown (D)
  Jory (D)
  2 profane servitors (D)
  Nikola (D)
  A bone dragon (D)
  4 golden dragons (D)
  An electric golem (D)
  2 Brimstone Fiends (D)
  5 tentacled monstrosities (D)
  2 Tzitzimimeh (D)
  Rupert (D)
  39 Orb Guardians (D)
  3 Ice Fiends (D)
  A Hell Sentinel (D)
  2 deep elf blademasters (D)
  4 deep elf master archers (D)
  2 quicksilver dragons (D)
  2 titans (D)
  7 acid blobs (D)
  Frances (D)
  4 Executioners (D)
  2 death cobs (D)
  A thorn hunter (D)
  Gastronok (D)
  4 storm dragons (D)
  13 sphinxes (D)
  Kirke (D)
  2 tengu reavers (D)
  7 nagarajas (D)
  6 azure jellies (D)
  6 shadow dragons (D)
  4 draconian monks (D)
  A fire giant (D)
  2 deep elf sorcerers (D)
  2 frost giants (D)
  A ghost moth (D)
  An emperor scorpion (D)
  2 vault wardens (D)
  4 angels (D)
  A black sun (D)
  Aizul (D)
  2 draconian zealots (D)
  A cacodemon (D)
  2 draconian scorchers (D)
  2 reapers (D)
  2 draconian annihilators (D)
  3 ironheart preservers (D)
  A very ugly thing (D)
  A blood saint (D)
  An entropy weaver (D)
  2 black draconians (D)
  4 stone giants (D)
  2 lorocyprocas (D)
  2 deep elf demonologists (D)
  9 vampire knights (D)
  3 green draconians (D)
  2 deep elf annihilators (D)
  2 mottled draconians (D)
  2 white draconians (D)
  6 purple draconians (D)
  4 red draconians (D)
  3 mummy priests (D)
  A spark wasp (D)
  7 merfolk impalers (D)
  2 green deaths (D)
  4 merfolk javelineers (D)
  2 ettins (D)
  3 death oozes (D)
  A deep elf death mage (D)
  3 blizzard demons (D)
  5 fire dragons (D)
  A deep elf high priest (D)
  3 great orbs of eyes (D)
  10 hydras (D)
  3 yaktaur captains (D)
  2 rakshasas (D)
  5 ogre magi (D)
  5 ice dragons (D)
  A catoblepas (D)
  4 naga warriors (D)
  A monstrous demonspawn (D)
  2 hell beasts (D)
  An anaconda (D)
  22 vault guards (D)
  An alligator snapping turtle (D)
  4 centaur warriors (D)
  A death knight (D)
  2 merfolk aquamancers (D)
  2 thrashing horrors (D)
  A vampire mage (D)
  2 hell hogs (D)
  2 soul eaters (D)
  A shock serpent (D)
  A deep elf knight (D)
  Nergalle (D)
  A naga sharpshooter (D)
  2 sun demons (D)
  7 hell knights (D)
  8 sixfirhies (D)
  A spriggan druid (D)
  4 swamp dragons (D)
  A wizard (D)
  An unseen horror (shapeshifter) (D)
  A cherub (D)
  3 starcursed masses (D)
  2 unseen horrors (D)
  2 deep elf archers (D)
  7 shadow demons (D)
  7 large abominations (D)
  2 hill giants (D)
  A torturous demonspawn (D)
  2 necromancers (D)
  2 flayed ghosts (D)
  4 ironbrand convokers (D)
  5 orc knights (D)
  2 orb spiders (D)
  8 moths of wrath (D)
  3 wolf spiders (D)
  A manticore (D)
  An orc sorcerer (D)
  3 cyclopes (D)
  4 naga magi (D)
  A vault sentinel (D)
  A black mamba (D)
  A water nymph (D)
  4 orange demons (D)
  A guardian serpent (D)
  5 rust devils (D)
  7 smoke demons (D)
  3 spiny frogs (D)
  Psyche (D)
  A hellion (D)
  4 demonic crawlers (D)
  A tormentor (D)
  2 yaktaurs (D)
  A rime drake (D)
  10 ice devils (D)
  A komodo dragon (D)
  A wandering mushroom (D)
  11 hellwings (D)
  8 red devils (D)
  7 two-headed ogres (D)
  15 guardian mummies (D)
  2 jumping spiders (D)
  2 tyrant leeches (D)
  A hornet (D)
  3 merfolk (D)
  A hornet (shapeshifter) (D)
  A slime creature (D)
  A snapping turtle (D)
  5 bog bodies (D)
  2 hippogriffs (D)
  A blink frog (D)
  11 spriggans (D)
  2 tarantellas (D)
  5 redbacks (D)
  A wyvern (D)
  6 ynoxinuls (D)
  3 yaks (D)
  7 golden eyes (D)
  2 fire elementals (D)
  2 hogs (D)
  A human (D)
  2 chaos spawn (D)
  4 neqoxecs (D)
  Grum (D)
  A mottled dragon (D)
  3 wargs (D)
  A naga (D)
  A water moccasin (D)
  A porcupine (D)
  9 hell hounds (D)
  2 floating eyes (D)
  A swamp drake (D)
  11 orc warriors (D)
  A small abomination (D)
  An eye of draining (D)
  A black bear (D)
  A phantom (D)
  8 wolves (D)
  4 ogres (D)
  An ogre (shapeshifter) (D)
  A centaur (D)
  4 crocodiles (D)
  2 bullfrogs (D)
  A killer bee (D)
  A howler monkey (D)
  3 crimson imps (D)
  3 quasits (D)
  5 orc priests (D)
  2 orc wizards (D)
  4 iron imps (D)
  An iguana (D)
  A shadow imp (D)
  3 white imps (D)
  3 ufetubi (D)
  An adder skeleton (D)
  2 ball lightnings (D)
  6 orcs (D)
  A bat (D)
  A giant cockroach (D)
  2 goblins (D)
  2 quokka skeletons (D)
  A rat (D)
  2 briar patches (D)
687 creatures vanquished.

Vanquished Creatures (others)
  A pandemonium lord (D)
  A nagaraja (D)
  An emperor scorpion (D)
  An ice dragon (D)
  3 vault guards (D)
  A hell hog (D)
  A moth of wrath (D)
  A hell hound (D)
  4 ball lightnings (D)
14 creatures vanquished.

Grand Total: 701 creatures vanquished

Notes
Turn   | Place    | Note
-------+----------+-------------------------------------------
     0 | D        | Noxpor the Gargoyle Fighter began the quest for the Orb.
     0 | D        | Reached XP level 1. HP: 14/14 MP: 1/1
     1 | D        | Banished a spatial maelstrom
    36 | D        | Noticed a phantom
    36 | D        | Noticed an iguana
    36 | D        | Noticed a howler monkey
    36 | D        | Noticed a centaur
    43 | D        | Killed a centaur
    43 | D        | Reached skill level 5 in Fighting
    43 | D        | Reached skill level 5 in Armour
    43 | D        | Reached skill level 1 in Dodging
    43 | D        | Reached skill level 5 in Shields
    43 | D        | Reached XP level 2. HP: 21/21 MP: 2/2
    43 | D        | Reached XP level 3. HP: 26/26 MP: 3/3
    43 | D        | Reached XP level 4. HP: 31/31 MP: 4/4
    45 | D        | Reached skill level 5 in Maces & Flails
    45 | D        | Reached XP level 5. HP: 36/36 MP: 5/5
    59 | D        | Killed a phantom
    59 | D        | Reached XP level 6. HP: 39/42 MP: 6/6
    80 | D        | Found a roughly hewn altar of Beogh.
    80 | D        | Found a snail-covered altar of Cheibriados.
    80 | D        | Found a shadowy altar of Dithmenos.
    80 | D        | Found a white marble altar of Elyvilon.
    80 | D        | Found a blossoming altar of Fedhas.
    80 | D        | Found an opulent altar of Gozag.
    81 | D        | Found a hazy altar of Hepliaklqana.
    82 | D        | Found a viscous altar of Jiyva.
    83 | D        | Found an ancient bone altar of Kikubaaqudgha.
    84 | D        | Found a corrupted altar of Lugonu.
    85 | D        | Found a burning altar of Makhleb.
    86 | D        | Found a sparkling altar of Nemelex Xobeh.
    87 | D        | Found an iron altar of Okawaru.
    88 | D        | Found a stormy altar of Qazlal.
    89 | D        | Found a sacrificial altar of Ru.
    90 | D        | Found a deep blue altar of Sif Muna.
    91 | D        | Found a bloodstained altar of Trog.
    92 | D        | Found a hide-covered altar of Uskayaw.
    93 | D        | Found a radiant altar of Vehumet.
    94 | D        | Found a shimmering altar of Xom.
    95 | D        | Found a basalt altar of Yredelemnul.
    96 | D        | Became a worshipper of Qazlal Stormbringer
    97 | D        | Found a glowing silver altar of Zin.
    98 | D        | Found a glowing golden altar of the Shining One.
   149 | D        | Noticed a hornet
   149 | D        | Noticed a yak
   149 | D        | Noticed a hill giant
   152 | D        | Killed a yak
   153 | D        | Killed a hill giant
   153 | D        | Reached * piety under Qazlal
   153 | D        | Reached skill level 10 in Maces & Flails
   153 | D        | Reached XP level 7. HP: 38/50 MP: 6/10
   155 | D        | Killed a hornet
   155 | D        | Reached skill level 5 in Invocations
   155 | D        | Reached XP level 8. HP: 43/56 MP: 6/12
   166 | D        | Reached ** piety under Qazlal
   206 | D        | Noticed a catoblepas
   206 | D        | Noticed a centaur warrior
   206 | D        | Noticed a centaur warrior
   206 | D        | Noticed a hippogriff
   209 | D        | Killed a hippogriff
   216 | D        | Killed a centaur warrior
   216 | D        | Reached skill level 10 in Shields
   216 | D        | Reached XP level 9. HP: 47/62 MP: 12/14
   221 | D        | Killed a centaur warrior
   221 | D        | Reached *** piety under Qazlal
   221 | D        | Reached skill level 10 in Fighting
   231 | D        | Killed a catoblepas
   231 | D        | Reached XP level 10. HP: 36/68 MP: 13/16
   406 | D        | Noticed a spiny frog
   413 | D        | Reached **** piety under Qazlal
   417 | D        | Noticed a spiny frog
   423 | D        | Noticed a seven-headed hydra
   441 | D        | Killed a spiny frog
   441 | D        | Reached skill level 10 in Armour
   466 | D        | Killed a seven-headed hydra
   472 | D        | Reached ***** piety under Qazlal
   477 | D        | Killed a spiny frog
   812 | D        | Reached skill level 15 in Maces & Flails
   812 | D        | Reached skill level 10 in Invocations
   815 | D        | Noticed a spiny frog
   824 | D        | Reached XP level 11. HP: 62/74 MP: 11/18
   855 | D        | Reached ****** piety under Qazlal
   963 | D        | Noticed Psyche
   984 | D        | Killed Psyche
  1060 | D        | Noticed an orc sorcerer
  1079 | D        | Killed an orc sorcerer
  1190 | D        | Noticed an orc knight
  1198 | D        | Killed an orc knight
  1299 | D        | Found Ciczeu's Magic Scroll Boutique.
  1301 | D        | Noticed an ogre mage
  1303 | D        | Found Jepussemn's Magic Scroll Shop.
  1305 | D        | Killed an ogre mage
  1306 | D        | Found Aplomoih's Magic Scroll Boutique.
  1310 | D        | Found Tinarisa's Jewellery Shop.
  1312 | D        | Noticed an ogre mage
  1313 | D        | Killed an ogre mage
  1332 | D        | Reached XP level 12. HP: 82/82 MP: 3/21
  1396 | D        | Bought a scroll of enchant weapon for 97 gold pieces
  1396 | D        | Bought a scroll of blinking for 97 gold pieces
  1396 | D        | Bought a scroll of recharging for 123 gold pieces
  1400 | D        | Bought a scroll of acquirement for 676 gold pieces
  1400 | D        | Bought a scroll of enchant weapon for 97 gold pieces
  1400 | D        | Bought a scroll of enchant weapon for 97 gold pieces
  1406 | D        | Bought an uncursed amulet of rage for 560 gold pieces
  1468 | D        | Noticed Gastronok
  1482 | D        | Killed Gastronok
  1482 | D        | Reached skill level 15 in Shields
  1671 | D        | Identified a +2 pair of boots of running (You found it in the Dungeon)
  1717 | D        | Noticed a centaur warrior
  1717 | D        | Noticed a five-headed hydra
  1723 | D        | Killed a five-headed hydra
  1724 | D        | Noticed a stone giant
  1724 | D        | Killed a centaur warrior
  1726 | D        | Noticed an ogre mage
  1729 | D        | Killed an ogre mage
  1730 | D        | Noticed a vampire mage
  1731 | D        | Noticed an ice dragon
  1732 | D        | Noticed a rakshasa
  1733 | D        | Killed a stone giant
  1733 | D        | Reached skill level 15 in Invocations
  1733 | D        | Killed a vampire mage
  1733 | D        | Killed a rakshasa
  1736 | D        | Noticed an ice dragon
  1742 | D        | Killed an ice dragon
  1759 | D        | Killed an ice dragon
  1759 | D        | Reached skill level 5 in Evocations
  1861 | D        | Noticed Grum
  1875 | D        | Killed Grum
  1891 | D        | Noticed Rupert
  1910 | D        | Killed Rupert
  1910 | D        | Reached XP level 13. HP: 83/88 MP: 25/25
  1944 | D        | Noticed Aizul
  1960 | D        | Killed Aizul
  2119 | D        | Reached skill level 5 in Dodging
  2125 | D        | Noticed a merfolk javelineer
  2159 | D        | Killed a merfolk javelineer
  2451 | D        | Noticed an emperor scorpion
  2494 | D        | Killed an emperor scorpion
  2624 | D        | Noticed a nagaraja
  2626 | D        | Killed a nagaraja
  2872 | D        | Noticed a thorn hunter
  2895 | D        | Killed a thorn hunter
  2895 | D        | Gained mutation: Your large and strong wings let you fly indefinitely. [Gargoyle growth]
  2895 | D        | Reached XP level 14. HP: 96/96 MP: 27/27
  3112 | D        | Noticed Nergalle
  3126 | D        | Killed Nergalle
  3267 | D        | Noticed a stone giant
  3267 | D        | Noticed a stone giant
  3273 | D        | Noticed a green very ugly thing
  3276 | D        | Noticed a frost giant
  3281 | D        | Killed a stone giant
  3283 | D        | Killed a stone giant
  3290 | D        | Killed a green very ugly thing
  3298 | D        | Reached skill level 15 in Fighting
  3305 | D        | Killed a frost giant
  3305 | D        | Reached skill level 10 in Evocations
  3326 | D        | Noticed a stone giant
  3351 | D        | Killed a stone giant
  3684 | D        | Noticed a vault warden
  3686 | D        | Killed a vault warden
  3708 | D        | Noticed an entropy weaver
  3710 | D        | Killed an entropy weaver
  3711 | D        | Noticed an ironheart preserver
  3716 | D        | Noticed an ironheart preserver
  3723 | D        | Killed an ironheart preserver
  3723 | D        | Reached XP level 15. HP: 83/104 MP: 18/29
  3872 | D        | Noticed Frederick
  3911 | D        | Noticed Nikola
  3938 | D        | Killed Nikola
  4301 | D        | Noticed an emperor scorpion
  4368 | D        | Noticed Ilsuiw
  4377 | D        | Banished Ilsuiw
  4440 | D        | Got a gossamer rune of Zot
  4471 | D        | Got a barnacled rune of Zot
  4690 | D        | Got a decaying rune of Zot
  4727 | D        | Noticed a nagaraja
  4727 | D        | Noticed a nagaraja
  4727 | D        | Noticed a nagaraja
  4728 | D        | Noticed a nagaraja
  4729 | D        | Killed a nagaraja
  4737 | D        | Noticed a nagaraja
  4740 | D        | Banished a nagaraja
  4745 | D        | Killed a nagaraja
  4746 | D        | Noticed a nagaraja
  4750 | D        | Noticed a nagaraja
  4752 | D        | Killed a nagaraja
  4752 | D        | Killed a nagaraja
  4752 | D        | Reached XP level 16. HP: 91/112 MP: 26/31
  4752 | D        | Killed a nagaraja
  4754 | D        | Killed a nagaraja
  4770 | D        | Got a serpentine rune of Zot
  4832 | D        | Noticed Azrael
  4840 | D        | Banished Azrael
  4895 | D        | Noticed Margery
  4907 | D        | Noticed a tengu reaver
  4922 | D        | Noticed a tengu reaver
  4950 | D        | Noticed Sojobo
  4951 | D        | Killed a tengu reaver
  4959 | D        | Killed a tengu reaver
  5111 | D        | Reached skill level 15 in Armour
  5363 | D        | Noticed a titan
  5364 | D        | Killed a titan
  5372 | D        | Noticed a sphinx
  5375 | D        | Noticed a shadow dragon
  5383 | D        | Noticed a shadow dragon
  5389 | D        | Paralysed by a sphinx for 7 turns
  5587 | D        | Noticed a shadow dragon
  5587 | D        | Noticed a golden dragon
  5587 | D        | Noticed an ancient lich
  5587 | D        | Noticed an ancient lich
  5587 | D        | Noticed a shadow dragon
  5588 | D        | Noticed a shadow dragon
  5589 | D        | Killed a golden dragon
  5591 | D        | Noticed a shadow dragon
  5598 | D        | Killed a shadow dragon
  5598 | D        | Killed an ancient lich
  5598 | D        | Reached XP level 17. HP: 122/124 MP: 26/33
  5599 | D        | Noticed a titan
  5599 | D        | Killed a titan
  5616 | D        | Got a silver rune of Zot
  5909 | D        | Noticed Jory
  6102 | D        | Got the ring of Miugacvoom {rElec rN+ MR+ MP+9 Int-5}
  6104 | D        | Got the ring "Lamparur" {rPois Stlth+}
  6118 | D        | Got the ring "Cuhudgh" {rCorr +Blink rN++ Slay+2 Stlth-}
  6122 | D        | Got the ring "Seacvys" {Ice +Inv Str+4}
  6124 | D        | Got the amulet of Etwas {Spirit MR+ Str+2 Dex+8}
  6251 | D        | Noticed Frances
  6263 | D        | Killed Frances
  6349 | D        | Noticed Mara
  6364 | D        | Noticed Noxpor's illusion
  6419 | D        | Killed Mara
  6528 | D        | Noticed Kirke
  6557 | D        | Killed Kirke
  6575 | D        | Noticed a quicksilver dragon
  6577 | D        | Killed a quicksilver dragon
  6577 | D        | Reached skill level 27 in Shields
  6593 | D        | Noticed a golden dragon
  6593 | D        | Noticed a bone dragon
  6621 | D        | Killed a bone dragon
  6645 | D        | Killed a golden dragon
  6818 | D        | Noticed a tentacled monstrosity
  6820 | D        | Killed a tentacled monstrosity
  6820 | D        | Reached skill level 27 in Maces & Flails
  6820 | D        | Reached XP level 18. HP: 127/136 MP: 35/35
  6820 | D        | Reached skill level 27 in Invocations
  6890 | D        | Noticed a tentacled monstrosity
  6890 | D        | Noticed a tentacled monstrosity
  6890 | D        | Noticed an orb of fire
  6891 | D        | Noticed an orb of fire
  6900 | D        | Killed a tentacled monstrosity
  6900 | D        | Killed an orb of fire
  6903 | D        | Gained mutation: You are dopey. (Int -2) [an orb of fire]
  6904 | D        | Gained mutation: Your magical capacity is low. (-10% MP) [an orb of fire]
  6912 | D        | Killed an orb of fire
  6912 | D        | Reached skill level 27 in Fighting
  6920 | D        | Killed a tentacled monstrosity
  7323 | D        | Noticed a quicksilver dragon
  7323 | D        | Noticed a tentacled monstrosity
  7341 | D        | Killed a tentacled monstrosity
  7401 | D        | Killed a quicksilver dragon
  7570 | D        | Killed Frederick
  7570 | D        | Reached XP level 19. HP: 151/151 MP: 32/32
  7634 | D        | Reached skill level 27 in Armour
  7653 | D        | Reached skill level 5 in Staves
  7653 | D        | Reached skill level 5 in Throwing
  7680 | D        | Reached skill level 10 in Dodging
  7702 | D        | Noticed a tentacled monstrosity
  7728 | D        | Killed a tentacled monstrosity
  7728 | D        | Reached skill level 10 in Staves
  7777 | D        | Noticed an ancient lich
  7792 | D        | Killed an ancient lich
  7792 | D        | Reached skill level 15 in Evocations
  7908 | D        | Noticed an orb of fire
  7919 | D        | Gained mutation: Scrolls take you a little longer to read. [an orb of fire]
  7931 | D        | Killed an orb of fire
  8086 | D        | Noticed an electric golem
  8111 | D        | Killed an electric golem
  8164 | D        | Noticed a golden dragon
  8165 | D        | Noticed an orb of fire
  8174 | D        | Killed a golden dragon
  8177 | D        | Reached skill level 15 in Staves
  8177 | D        | Killed an orb of fire
  8177 | D        | Reached skill level 15 in Dodging
  8177 | D        | Reached XP level 20. HP: 137/157 MP: 33/33
  8181 | D        | Noticed a Killer Klown
  8188 | D        | Noticed an ancient lich
  8189 | D        | Noticed a golden dragon
  8207 | D        | Killed an ancient lich
  8208 | D        | Killed a Killer Klown
  8212 | D        | Killed a golden dragon
  8554 | D        | Noticed an ancient lich
  8558 | D        | Noticed an ancient lich
  8581 | D        | Killed an ancient lich
  8600 | D        | Killed an ancient lich
  8603 | D        | Reached XP level 21. HP: 136/163 MP: 23/34
  8767 | D        | Got an elven rune of Zot
  8886 | D        | Noticed the Royal Jelly
  8889 | D        | Killed the Royal Jelly
  8899 | D        | Paralysed by a floating eye for 2 turns
  8907 | D        | Paralysed by a floating eye for 4 turns
  8917 | D        | Got a slimy rune of Zot
  9281 | D        | Reached skill level 27 in Staves
  9586 | D        | Noticed a greater mummy
  9640 | D        | Killed a greater mummy
  9640 | D        | Reached XP level 22. HP: 45/169 MP: 32/35
  9980 | D        | Noticed a greater mummy
  9986 | D        | Reached skill level 27 in Evocations
  9986 | D        | Killed a greater mummy
 10183 | D        | Noticed a greater mummy
 10183 | D        | Noticed a greater mummy
 10183 | D        | Noticed a greater mummy
 10183 | D        | Noticed a greater mummy
 10183 | D        | Noticed a greater mummy
 10184 | D        | Killed a greater mummy
 10185 | D        | Noticed a greater mummy
 10186 | D        | Killed a greater mummy
 10186 | D        | Killed a greater mummy
 10186 | D        | Reached skill level 27 in Dodging
 10194 | D        | Killed a greater mummy
 10196 | D        | Killed a greater mummy
 10196 | D        | Killed a greater mummy
 10197 | D        | Noticed a greater mummy
 10198 | D        | Noticed a greater mummy
 10201 | D        | Killed a greater mummy
 10203 | D        | Killed a greater mummy
 10205 | D        | Got a golden rune of Zot
 10545 | D        | Noticed a profane servitor
 10552 | D        | Killed a profane servitor
 10570 | D        | Got an abyssal rune of Zot
 10747 | D        | Noticed Geryon
 10762 | D        | Killed Geryon
 10864 | D        | Gained mutation: You expend magic power (3 MP) to strengthen your wands. [potion of mutation]
 10864 | D        | Gained mutation: Your body sometimes deteriorates upon taking damage. [potion of mutation]
 10865 | D        | Lost mutation: Your magical capacity is low. (-10% MP) [potion of cure mutation]
 10865 | D        | Lost mutation: Your body sometimes deteriorates upon taking damage. [potion of cure mutation]
 10865 | D        | Lost mutation: Scrolls take you a little longer to read. [potion of cure mutation]
 10866 | D        | Lost mutation: You expend magic power (3 MP) to strengthen your wands. [potion of cure mutation]
 10866 | D        | Lost mutation: You are dopey. (Int -2) [potion of cure mutation]
 10882 | D        | Noticed Cerebov
 10882 | D        | Noticed Lom Lobon
 10893 | D        | Noticed Mnoleg
 10896 | D        | Killed Lom Lobon
 11014 | D        | Killed Cerebov
 11014 | D        | Reached XP level 23. HP: 115/175 MP: 40/40
 11183 | D        | Killed Mnoleg
 11183 | D        | Reached skill level 27 in Unarmed Combat
 11234 | D        | Noticed Dispater
 11290 | D        | Noticed Asmodeus
 11300 | D        | Killed Dispater
 11300 | D        | Reached skill level 10 in Throwing
 11322 | D        | HP: 6/175 [Asmodeus/damnation (33)]
 11342 | D        | Killed Asmodeus
 11342 | D        | Reached skill level 10 in Spellcasting
 11678 | D        | Noticed Gloorx Vloq
 11678 | D        | Noticed Ereshkigal
 11685 | D        | Killed Gloorx Vloq
 11749 | D        | Paralysed by Ereshkigal for 4 turns
 11795 | D        | Killed Ereshkigal
 11795 | D        | Reached skill level 15 in Throwing
 12175 | D        | Got a magical rune of Zot
 12179 | D        | Got a fiery rune of Zot
 12183 | D        | Got an iron rune of Zot
 12187 | D        | Got a glowing rune of Zot
 12191 | D        | Got an obsidian rune of Zot
 12193 | D        | Noticed Antaeus
 12228 | D        | Killed Antaeus
 12231 | D        | Got a bone rune of Zot
 12235 | D        | Got an icy rune of Zot
 12242 | D        | Got a dark rune of Zot
 12649 | D        | Got the Orb of Zot
 12967 | D        | Killed Jory
 12967 | D        | Reached skill level 15 in Spellcasting
 13310 | D        | Noticed a seraph
 13355 | D        | Killed a seraph
 13549 | D        | Noticed Nusousipn the pandemonium lord
 13562 | D        | Killed Nusousipn the pandemonium lord
 13677 | D        | Reached XP level 24. HP: 122/181 MP: 45/45
 13711 | D        | Noticed Qaibell the pandemonium lord
 13732 | D        | Killed Qaibell the pandemonium lord
 14511 | D        | Killed Sojobo
 15045 | D        | Reached skill level 27 in Stealth
 15572 | D        | Killed Margery
 15597 | D        | Noticed Neinuu the pandemonium lord
 15652 | D        | Killed Neinuu the pandemonium lord
 15652 | D        | Reached XP level 25. HP: 112/187 MP: 52/52
 15705 | D        | Noticed Felesant the pandemonium lord
 15720 | D        | Killed Felesant the pandemonium lord
 15720 | D        | Reached skill level 27 in Throwing
 15737 | D        | Killed an ancient lich
 15737 | D        | Reached skill level 27 in Spellcasting
 15848 | D        | Noticed Goakim the pandemonium lord
 15872 | D        | Killed Goakim the pandemonium lord
 16137 | D        | Noticed Suapese the pandemonium lord
 16137 | D        | Noticed an ancient lich
 16145 | D        | Killed Suapese the pandemonium lord
 16151 | D        | Killed an ancient lich
 16202 | D        | Noticed Xophilost the pandemonium lord
 16367 | D        | Escaped with the Orb!

Vault maps used:
D:        linesprint

Skill      XL: |  1  2  3  4  5  6  7  8  9 10 11 12 13 14 15 16 17 18 19 20 21 22 23 24 25 |
---------------+----------------------------------------------------------------------------+-----
Fighting       | 5 6 8 9 10 11 12 13 14 15 17 20 23 27 | 27.0
Maces & Flails | 4 5 7 10 12 13 15 16 17 18 20 21 24 27 | 27.0
Armour         | 5 6 8 9 10 11 12 13 14 15 16 26 27 | 27.0
Dodging        | 1 2 3 4 6 7 15 20 24 27 | 27.0
Shields        | 5 6 8 10 11 12 14 16 18 20 23 25 27 | 27.0
Invocations    | 4 5 7 8 10 12 16 18 20 22 24 26 27 | 27.0
Evocations     | 5 8 10 17 22 26 27 | 27.0
Staves         | 16 22 27 | 27.0
Throwing       | 8 19 26 27 | 27.0
Unarmed Combat | 26 27 | 27.0
Stealth        | 22 27 | 27.0
Spellcasting   | 18 25 27 | 27.0

Action                   |  1- 3 |  4- 6 |  7- 9 | 10-12 | 13-15 | 16-18 | 19-21 | 22-24 | 25-27 || total
-------------------------+-------+-------+-------+-------+-------+-------+-------+-------+-------++-------
Melee: Flail             |    31 |    13 |    29 |   246 |       |       |       |       |       ||   319
       Morningstar       |       |       |       |    79 |   261 |       |       |       |       ||   340
       Demon whip        |       |       |       |       |   201 |   716 |   596 |    30 |       ||  1543
       Sacred scourge    |       |       |       |       |       |       |       |  1084 |   107 ||  1191
       Unarmed           |       |       |       |       |       |       |       |       |     3 ||     3
Invok: Disaster Area     |       |       |       |    10 |    16 |    11 |    11 |    16 |     4 ||    68
 Abil: Evoke Berserk Rag |       |       |       |       |     3 |       |       |       |       ||     3
       Fly               |       |       |       |       |     1 |       |       |       |       ||     1
Evoke: Wand              |       |     3 |     4 |       |       |       |       |     3 |       ||    10
  Use: Potion            |     1 |       |     3 |     1 |     1 |       |       |     7 |     1 ||    14
       Scroll            |       |       |       |     1 |     7 |    11 |       |     4 |       ||    23
 Stab: Distracted        |       |       |       |       |       |     1 |       |       |       ||     1
  Eat: Chunk             |       |       |       |     2 |       |       |       |       |       ||     2
       Bread ration      |       |       |       |     1 |     3 |     2 |     1 |     2 |       ||     9
       Meat ration       |       |       |       |       |       |       |       |     2 |     1 ||     3
Armor: Scale mail        |    23 |     3 |       |       |       |       |       |       |       ||    26
       Plate armour      |       |       |    16 |    67 |       |       |       |       |       ||    83
       Ice dragon scales |       |       |       |    27 |    90 |       |       |       |       ||   117
       Gold dragon scale |       |       |       |       |    66 |   142 |    79 |   146 |    12 ||   445
       Skin              |       |       |       |       |       |       |       |       |     2 ||     2
Dodge: Dodged            |     9 |     4 |     3 |    40 |    74 |    29 |    55 |    79 |     9 ||   302
       Deflected         |       |       |       |     3 |     7 |     2 |     2 |     9 |     1 ||    24
Block: Shield            |    16 |     4 |    28 |   203 |   380 |   151 |       |       |       ||   782
       Large shield      |       |       |       |       |       |   287 |   443 |   765 |    85 ||  1580
       Other             |       |       |       |       |       |       |       |       |     3 ||     3
